 Dungeon Crawl Stone Soup version 0.23-a0-831-g5da158a (console) character file.

14 Duffy the Skirmisher (level 2, -1/28 HPs)
             Began as a Naga Fighter on Jan 23, 2019.
             Slain by a kobold
             ... wielding a +0 short sword
              (5 damage)
             ... on level 3 of the Dungeon.
             The game lasted 00:00:34 (307 turns).

Duffy the Skirmisher (Naga Fighter)                  Turns: 307, Time: 00:00:35

Health: -1/28      AC:  4    Str: 18    XL:     2   Next: 45%
Magic:  2/2        EV:  5    Int:  8    God:
Gold:   0          SH:  8    Dex: 10    Spells: 1/1 levels left

rFire    . . .     SeeInvis +   a - +0 war axe
rCold    . . .     Gourm    .   c - +0 shield
rNeg     . . .     Faith    .   b - +0 scale mail
rPois    +         Spirit   .   (no helmet)
rElec    .         Reflect  .   (no cloak)
rCorr    .         Harm     .   (no gloves)
MR       .....                  (no barding)
Stlth    ..........             (no amulet)
HPRegen  0.09/turn              (no ring)
MPRegen  0.08/turn              (no ring)

@: very slow
A: large, see invisible, deformed body, poison resistance, slowness 2, slow
metabolism 1, spit poison 1, AC +0
a: Spit Poison


You were on level 3 of the Dungeon.
You were not hungry.

You visited 1 branch of the dungeon, and saw 3 of its levels.

Inventory:

Hand Weapons
 a - a +0 war axe (weapon)
Armour
 b - a +0 scale mail (worn)
 c - a +0 shield (worn)
Scrolls
 e - a scroll of identify {unknown}
 g - a scroll of fog {unknown}
 j - a scroll of blinking {unknown}
Potions
 d - a potion of might
 h - a potion of curing {unknown}
Comestibles
 f - 4 rations


   Skills:
 - Level 3.0 Fighting
 + Level 2.5 Axes
 - Level 2.4 Armour
 + Level 2.8 Shields


You had one spell level left.
You didn't know any spells.
Your spell library was empty.

Dungeon Overview and Level Annotations

Branches:
Dungeon (3/15)

Altars:


Innate Abilities, Weirdness & Mutations

You cannot wear boots.
Your serpentine skin is tough. (AC +0)
You have supernaturally acute eyesight. (SInv)
Armour fits poorly on your strangely shaped body.
Your system is resistant to poisons. (rPois)
You cover ground very slowly.
You have a slow metabolism.
You can spit poison.


Message History

You are too injured to fight recklessly!
You are too injured to fight recklessly!
You hit the hobgoblin but do no damage.
The hobgoblin is severely wounded.
The hobgoblin hits you.
You slash the hobgoblin!
You kill the hobgoblin!
You have got your breath back.
Your scale mail prevents you from hitting the goblin.
You block the goblin's attack. x2
Press: ? - help, Shift-Dir - straight line, f - goblin
Aim: a goblin, wielding a +0 dagger You fail to use your ability.
The goblin hits you with a +0 dagger.
You hit the goblin.
You kill the goblin!
The kobold hits you with a +0 short sword.
You closely miss the kobold. You block the kobold's attack.
You closely miss the kobold.
The kobold hits you with a +0 short sword. x2
You die...

#..!..# #...%.# .
#..... ##. #.... #..
?... ######.# #..
#...##.# #.# ##.
#...##.# #####.#...<.
#...##.###.@K......#
#.........)#####.#...#
#...##.<.........# .#
#...##.#########.g
#<..##.# #o #...##.#
.. ######.# g. #.# #.#


You could see a kobold.

Vanquished Creatures
  A leopard gecko (D:3)
  2 orcs (D:3)
  A bat (D:3)
  A hobgoblin (D:3)
  A kobold (D:2)
  A quokka (D:2)
  2 frilled lizards (D:2)
  A goblin (D:3)
  A rat (D:2)
11 creatures vanquished.

Notes
Turn   | Place    | Note
-------+----------+-------------------------------------------
     0 | D:1      | Duffy the Naga Fighter began the quest for the Orb.
     0 | D:1      | Reached XP level 1. HP: 21/21 MP: 1/1
     9 | D:1      | You fall through a shaft!
   290 | D:3      | Reached XP level 2. HP: 18/28 MP: 2/2
   307 | D:3      | Slain by a kobold

Vault maps used:
D:1:      minmay_arrival_hallway
D:2:      nemelex_altar_shiori

Action                   || total
-------------------------++-------
Melee: War axe           ||    35
 Abil: Spit Poison       ||     5
Armor: Scale mail        ||    19
Dodge: Dodged            ||     4
Block: Shield            ||    22

Table legend:
 A = Non-vault XP
 B = Vault XP
 C = Vault XP percentage of total XP
 D = Non-vault monster count
 E = Vault monster count
 F = Vault count percentage of total count
                 A         B        C        D         E       F
            +---------+---------+-------+---------+---------+-------
      Total |      21 |       0 |   0.0 |      11 |       0 |   0.0
            +---------+---------+-------+---------+---------+-------
        D:2 |       7 |       0 |   0.0 |       5 |       0 |   0.0
        D:3 |      14 |       0 |   0.0 |       6 |       0 |   0.0
            +---------+---------+-------+---------+---------+-------
